 Dungeon Crawl Stone Soup version 0.29.1-2-gbd0b4ee654 (webtiles) character file.

Game seed: 5554520811472462622

86 funnyparkerb the Shooter (level 4, 0/26 HPs)
             Began as a Kobold Hunter on Nov 18, 2022.
             Slain by an orc
             ... wielding a +2 flail of protection
              (3 damage)
             ... on level 3 of the Dungeon.
             The game lasted 00:01:58 (1868 turns).

funnyparkerb the Shooter (Kobold Hunter)            Turns: 1868, Time: 00:01:58

Health: 0/26       AC:  4    Str:  8    XL:     4   Next: 77%
Magic:  4/4        EV: 14    Int: 10    God:
Gold:   155        SH:  0    Dex: 20    Spells: 3/3 levels left

rFire   . . .      SeeInvis .   a - +0 shortbow
rCold   . . .      Faith    .   (shield currently unavailable)
rNeg    . . .      Spirit   .   e - +1 leather armour {Will+}
rPois   .          Reflect  .   (no helmet)
rElec   .          Harm     .   (no cloak)
rCorr   .          Rampage  .   (no gloves)
Will    +....                   (no boots)
Stlth   +++.......              (no amulet)
HPRegen 0.08/turn               (no ring)
MPRegen 0.09/turn               (no ring)

@: lethally poisoned (0 -> -15)
A: small, no large weapons, nightstalker 3
a: no special abilities


You were on level 3 of the Dungeon.
You visited 1 branch of the dungeon, and saw 3 of its levels.

You collected 155 gold pieces.

Inventory:

Hand Weapons
 a - a +0 shortbow (weapon)
Armour
 e - a +1 leather armour of willpower (worn)
Scrolls
 b - 3 scrolls of immolation
 c - 3 scrolls of identify {unknown}
 d - a scroll of magic mapping {unknown}
 g - a scroll of enchant armour {unknown}
 h - a scroll of poison {unknown}
 j - a scroll of brand weapon {unknown}
Potions
 f - 2 potions of berserk rage {unknown}
 i - a potion of attraction {unknown}


   Skills:
 - Level 2.1 Fighting
 + Level 7.7 Ranged Weapons
 - Level 2.4 Dodging
 - Level 1.3 Stealth


You had 3 spell levels left.
You didn't know any spells.
Your spell library was empty.

Dungeon Overview and Level Annotations

Branches:
Dungeon (3/15)

Altars:

Annotations:
D:2 Sigmund


Innate Abilities, Weirdness & Mutations

You are small and have problems with some larger weapons.
You are completely attuned to the shadows.


Message History

Partly explored, can't reach some items.
No monsters, items or features are visible.
You can't go down here!
You see here a +0 chain mail.
There is a stone staircase leading down here.
You climb downwards.
The orc shouts! x2; The ball python hisses angrily.
Found a pink potion and 5 gold pieces.
Found a stone staircase leading up.
There is a stone staircase leading up here.
You shoot an arrow. The orc shouts!
The arrow hits the orc.
The orc is heavily wounded.
You hear a shout!
You hear an angry hiss.
An adder comes into view.
An orc comes into view.
It is wielding a +2 flail of protection.
You shoot an arrow. The arrow barely misses the orc.
The arrow closely misses the orc. x2
You shoot an arrow. The arrow hits the orc!
You kill the orc!
The adder bites you but does no damage. The orc closely misses you.
You shoot an arrow. The arrow completely misses the orc.
The adder barely misses you.
The orc hits you with a +1 flail of holy wrath!
The orc hits you with a +0 dagger of venom.
You are poisoned.
A quokka comes into view.
The adder bites you.
You shoot an arrow. The arrow closely misses the orc.
You feel very sick.
The orc hits you with a +1 flail of holy wrath.
The orc misses you. The orc closely misses you.
The adder bites you but does no damage.
You feel sick. The adder closely misses you.
The orc hits you but does no damage.
You are lethally poisoned!
The orc hits you with a +1 flail of holy wrath.
* * * LOW HITPOINT WARNING * * *
The orc hits you with a +2 flail of protection.
You die...

#.# .$ #.
..#o###.#
..!o@Sr.<
##.o.##.#
......
##...##
##.##


You could see an adder, 3 orcs and a quokka.

Vanquished Creatures
  3 adders (D:2)
  A worm (D:2)
  An orc (D:3)
  10 ball pythons
  5 endoplasms
  6 goblins (D:2)
  9 hobgoblins
  3 jackals (D:2)
  A quokka (D:1)
  3 bats
  A frilled lizard (D:1)
  4 kobolds
  2 rats (D:1)
49 creatures vanquished.

Notes
Turn   | Place    | Note
-------+----------+-------------------------------------------
     0 | D:1      | funnyparkerb the Kobold Hunter began the quest for the Orb.
     0 | D:1      | Reached XP level 1. HP: 12/12 MP: 1/1
   253 | D:1      | Reached XP level 2. HP: 10/17 MP: 2/2
   258 | D:1      | Reached skill level 6 in Ranged Weapons
   585 | D:1      | Reached XP level 3. HP: 21/21 MP: 3/3
   930 | D:2      | Noticed Sigmund
   944 | D:2      | Found a faded altar of an unknown god.
  1194 | D:2      | Reached skill level 7 in Ranged Weapons
  1194 | D:2      | Reached XP level 4. HP: 26/26 MP: 4/4
  1868 | D:3      | Slain by an orc

Illustrated notes

Levels and vault maps discovered:
D:1:      dpeg_arrival_snail, layout_rooms, minmay_tromino_v4_b
D:2:      cheibrodos_greedy_goblins, layout_loops_ring,
          shapermc_ecumenical_altar_starsandcircs, uniq_sigmund
D:3:      layout_loops_ring, fedhas_altar_4

Skill      XL: |  1  2  3 |
---------------+----------+-----
Ranged Weapons | 6 7 |  7.7
Fighting       | |  2.1
Dodging        | |  2.4
Stealth        | |  1.3

Action                   |  1- 3 |  4- 6 || total
-------------------------+-------+-------++-------
 Fire: Shortbow          |    85 |    36 ||   121
Armor: Leather armour    |    15 |     6 ||    21
Dodge: Dodged            |    45 |    16 ||    61
